 Dungeon Sprint DCSS version 0.30.1-11-g7821555f0a (webtiles) character file.

Game seed: 922278371150964406

72 Heoruswealwe the Poker (level 4, 0/44 HPs)
             Began as a Minotaur Fighter on Nov 20, 2023.
             Slain by a black bear (3 damage)
             ... in the Dungeon (Sprint IX: "|||||||||||||||||||||||||||||").
             The game lasted 00:00:54 (57 turns).

Heoruswealwe the Poker (Minotaur Fighter)             Turns: 57, Time: 00:00:54

Health: 0/44       AC:  7    Str: 22    XL:     4   Next: 7%
Magic:  3/3        EV:  9    Int:  5    God:
Gold:   0          SH:  4    Dex: 10    Spells: 3/3 levels left

rFire   . . .        a - +0 trident
rCold   . . .        d - +0 buckler
rNeg    . . .        c - +0 scale mail
rPois   .            (helmet restricted)
rElec   .            (no cloak)
rCorr   .            (no gloves)
SInv    .            (no boots)
Will    .....        (no amulet) Stlth
                     (no ring)
HPRegen 0.27/turn    (no ring)
MPRegen 0.08/turn

%: no teleportation
@: no status effects
A: horns 2, retaliatory headbutt
a: no special abilities


You were in the Dungeon.
You visited 1 branch

Inventory:

Hand Weapons
 a - a +0 trident (weapon)
Armour
 c - a +0 scale mail (worn)
 d - a +0 buckler (worn)
Scrolls
 j - a scroll of blinking
Potions
 b - a potion of might
 g - a potion of haste
 i - a potion of berserk rage


   Skills:
 + Level 6.0 Fighting
 * Level 7.1 Polearms
 + Level 6.0 Armour
 - Level 3.6 Shields


You had 3 spell levels left.
You didn't know any spells.
Your spell library was empty.

Dungeon Overview and Level Annotations

Branches:
Dungeon (1/1)

Altars:


Innate Abilities, Weirdness & Mutations

You have a pair of horns on your head.
You reflexively headbutt those who attack you in melee.


Message History

* * * LOW HITPOINT WARNING * * *
The orc hits you but does no damage.
You miss something. Your headbutt misses something. Something hits you.
* * * LOW HITPOINT WARNING * * *
The orc hits you from afar with a +0 trident.
* * * LOW HITPOINT WARNING * * *
You closely miss something. Your headbutt misses something.
The orc hits you but does no damage. Something hits you but does no damage.
You feel better. Something hits you but does no damage.
The orc hits you from afar with a +0 trident.
* * * LOW HITPOINT WARNING * * *
You miss something.
The orc hits you from afar with a +0 trident.
* * * LOW HITPOINT WARNING * * *
Something hits you.
* * * LOW HITPOINT WARNING * * *
You miss something. Something hits you but does no damage.
The orc hits you but does no damage.
You hit something.
Reactivating autopickup.
You feel a bit more experienced.
The orc hits you from afar with a +0 trident.
* * * LOW HITPOINT WARNING * * *
Your Polearms skill increases to level 7!
You have reached level 4!
You feel agile. The orc hits you but does no damage.
There is an open door, spattered with blood here.
Items here: ) [ ††.
You hit the orc.
The orc is lightly wounded.
The orc hits you but does no damage.
You puncture the orc!
You kill the orc!
Your Fighting skill increases to level 6!
Your Armour skill increases to level 6!
You barely miss the black bear. You block the black bear's attack.
The black bear claws you but does no damage.
The black bear claws you.
You die... ▓▓▓▓▓▓▓▓▓▓▓▓▓▓▓▓▓▓ +....h@....†).!.<▓ ▓▓▓▓▓▓▓▓▓▓▓▓▓▓▓▓▓▓

You could see a black bear.

Vanquished Creatures
  A hound (D)
  An orc wizard (D)
  An adder (D)
  An orc (D)
  A ball python (D)
  A giant cockroach (D)
  A goblin (D)
  A bat (D)
  A rat (D)
9 creatures vanquished.

Notes
Turn   | Place    | Note
-------+----------+-------------------------------------------
     0 | D        | Heoruswealwe the Minotaur Fighter began the quest for the
                  | Orb.
     0 | D        | Reached XP level 1. HP: 19/19 MP: 0/0
    10 | D        | Reached skill level 3 in Polearms
    21 | D        | Noticed a black bear
    21 | D        | Noticed an orc wizard
    21 | D        | Noticed a hound
    26 | D        | Reached skill level 4 in Polearms
    26 | D        | Reached XP level 2. HP: 24/28 MP: 1/1
    30 | D        | Reached skill level 5 in Fighting
    30 | D        | Reached skill level 6 in Polearms
    30 | D        | Reached skill level 5 in Armour
    30 | D        | Reached XP level 3. HP: 26/36 MP: 2/2
    53 | D        | HP: 1/36 [orc/+0 trident (3)]
    54 | D        | Reached skill level 7 in Polearms
    54 | D        | Reached XP level 4. HP: 2/44 MP: 3/3
    57 | D        | Slain by a black bear

Illustrated notes

Levels and vault maps discovered:
D:        linesprint [early_d, line_temple, items_1, d_10, items_2, lair_1,
          lair_end, items_3, orc_1, orc_end, items_4, d_15, swamp_1, shoals_1,
          snake_1, spider_1, d_20, vaults_1, items_5, swamp_end, shoals_end,
          snake_end, spider_end, vaults_end, d_27, items_6, zot_1, zot_end,
          crypt_end, forest_end, elf_end, slime_end, tomb_end, abyss_end,
          pan_hell_end]

Skill      XL: |  1  2  3  4 |
---------------+-------------+-----
Polearms       | 4 6 7 |  7.1
Fighting       | 4 5 6 |  6.0
Armour         | 4 5 6 |  6.0
Shields        | |  3.6

Action                     |  1- 3 |  4- 6 || total
---------------------------+-------+-------++-------
  Melee: Trident           |    38 |     3 ||    41
         Headbutt          |     2 |       ||     2
    Use: Potion            |     2 |       ||     2
 Armour: Scale mail        |    21 |     3 ||    24
  Dodge: Dodged            |    15 |       ||    15
  Block: Buckler           |     9 |     1 ||    10
